 Seeded DCSS version 0.26.1-2-gb8aa6d0cf2 (webtiles) character file.

Game seed: 2053558167528706882 (custom seed)

12278 rocky1 the Covert (level 11, 0/87 HPs)
             Began as a Gnoll Brigand on Mar 27, 2021.
             Was a High Priest of Okawaru.
             Engulfed by a cloud of freezing vapour (17 damage)
             ... in an ice cave on Mar 29, 2021.
             The game lasted 00:34:50 (9694 turns).

rocky1 the Covert (Gnoll Brigand)                   Turns: 9694, Time: 00:34:50

Health: 0/87       AC:  8    Str: 14    XL:     11   Next: 90%
Magic:  21/21      EV: 31    Int: 13    God:    Okawaru [*****.]
Gold:   589        SH: 13    Dex: 20    Spells: 22/24 levels left

rFire    . . .     SeeInvis .   s - +7 captain's cutlass {speed, disarm}
rCold    . . .     Faith    .   w - +2 kite shield
rNeg     . . .     Spirit   .   g - +0 leather armour
rPois    .         Reflect  .   (no helmet)
rElec    .         Harm     .   c - +1 cloak
rCorr    +         Rampage  .   h - +0 pair of gloves
Will     .....                  b - +0 pair of boots
Stlth    +++++.....             E - amulet of the acrobat
HPRegen  0.24/turn              M - ring of resist corrosion
MPRegen  0.17/turn              o - +4 ring of slaying

@: acrobat
A: distributed training, fangs 1, strong nose
a: Renounce Religion, Heroism, Finesse


You were in an ice cave.
You worshipped Okawaru.
Okawaru was extremely pleased with you.
You visited 3 branches of the dungeon, and saw 11 of its levels.
You also visited: Ossuary, Bailey and Ice Cave.

You collected 589 gold pieces.

Inventory:

Hand Weapons
 i - a +3 rapier of venom
 s - the +7 captain's cutlass (weapon) {speed, disarm}
   (You found it on level 4 of the Dungeon)

   Attacks with this weapon are significantly faster.
 z - a +3 scimitar of flaming
 C - a cursed -1 hand crossbow
Missiles
 d - 58 poisoned darts (quivered)
 e - 2 curare-tipped darts
 A - 78 boomerangs
Armour
 b - a +0 pair of boots (worn)
 c - a +1 cloak (worn)
 g - a +0 leather armour (worn)
 h - a +0 pair of gloves (worn)
 w - a +2 kite shield (worn)
Jewellery
 k - an uncursed ring of positive energy
 l - a +6 ring of intelligence
 o - a +4 ring of slaying (right hand)
 E - an amulet of the acrobat (around neck)
 M - a ring of resist corrosion (left hand)
Wands
 a - a wand of random effects (16)
 y - a wand of iceblast (32)
 D - a wand of acid (22)
 G - a wand of flame (19)
 I - a wand of disintegration (18)
Scrolls
 j - 5 scrolls of teleportation
 n - 6 scrolls of remove curse
 q - a scroll of summoning {unknown}
 t - 2 scrolls of magic mapping
 u - a scroll of blinking {unknown}
 F - 2 scrolls of enchant armour
 J - a scroll of fear
Potions
 f - 5 potions of might
 m - 2 potions of brilliance
 p - 9 potions of curing
 r - 2 potions of haste
 v - 2 potions of attraction
 x - 7 potions of mutation
 B - 4 potions of lignification
 K - 4 potions of magic
 L - a potion of heal wounds


   Skills:
 + Level 8.4 Fighting
 + Level 8.4 Short Blades
 + Level 7.0 Long Blades
 + Level 7.0 Axes
 + Level 7.0 Maces & Flails
 + Level 7.0 Polearms
 + Level 7.0 Staves
 + Level 7.0 Slings
 + Level 7.0 Bows
 + Level 7.0 Crossbows
 + Level 8.4 Throwing
 + Level 7.0 Armour
 + Level 7.5 Dodging
 + Level 10.4 Stealth
 + Level 7.0 Shields
 + Level 7.0 Unarmed Combat
 + Level 7.0 Spellcasting
 + Level 5.8 Conjurations
 + Level 5.8 Hexes
 + Level 5.8 Summonings
 + Level 5.8 Necromancy
 + Level 5.8 Translocations
 + Level 5.8 Transmutations
 + Level 5.8 Fire Magic
 + Level 5.8 Ice Magic
 + Level 5.8 Air Magic
 + Level 5.8 Earth Magic
 + Level 5.8 Poison Magic
 + Level 7.6 Invocations
 + Level 7.0 Evocations


You had 22 spell levels left.
You knew the following spells:

 Your Spells              Type           Power        Failure   Level
a - Blink                 Tloc           N/A          8%          2

Your spell library contained the following spells:

 Spells                   Type           Power        Failure   Level
 Corona                   Hex            21%          4%          1
 Magic Dart               Conj           76%          4%          1
 Call Imp                 Summ           19%          8%          2
 Ensorcelled Hibernation  Hex/Ice        38%          8%          2
 Slow                     Hex            19%          8%          2
 Confusing Touch          Hex            19%          14%         3
 Conjure Flame            Conj/Fire      19%          14%         3
 Dazzling Flash           Conj/Hex       38%          14%         3
 Mephitic Cloud           Conj/Pois/Air  19%          14%         3
 Tukima's Dance           Hex            19%          14%         3


Dungeon Overview and Level Annotations

Branches:
Dungeon (8/15)             Temple (1/1) D:4            Lair (2/6) D:8
Ossuary (visited)          Bailey (visited)           IceCv (1/1)
  Swamp: Lair:2-4    Shoals: Lair:2-4     Snake: Lair:2-4    Spider: Lair:2-4

Altars:
Ashenzari
Cheibriados
Dithmenos
Elyvilon
Fedhas
Gozag
Hepliaklqana
Kikubaaqudgha
Makhleb
Nemelex Xobeh
Okawaru
Qazlal
Ru
Sif Muna
Trog
Uskayaw
Vehumet
Wu Jian
Xom
Yredelemnul
Zin
The Shining One

Shops:
D:7 [


Innate Abilities, Weirdness & Mutations

Your experience applies equally to all skills.
You have very sharp teeth.
Your uncanny sense of smell can sniff out nearby items.


Message History

* * * LOW HITPOINT WARNING * * *
Your Long Blades skill increases to level 7!
Your Axes skill increases to level 7!
Your Maces & Flails skill increases to level 7!
Your Polearms skill increases to level 7!
Your Staves skill increases to level 7!
Your Slings skill increases to level 7!
Your Bows skill increases to level 7!
Your Crossbows skill increases to level 7!
Your Armour skill increases to level 7!
Your Shields skill increases to level 7!
Your Unarmed Combat skill increases to level 7!
Your Spellcasting skill increases to level 7!
Your Evocations skill increases to level 7!
Unknown command.
You feel much better.
You are engulfed in freezing vapours.
* * * LOW HITPOINT WARNING * * *
Unknown command.
Unknown command.
You are engulfed in freezing vapours.
You die...

##..## #....## #
##.....## #.
#.......## #..
##........# #.#
#.......÷## ##
#..##.....#.÷.###
##.
#.°..○.##......###..
##.@○○.##.......#††.
##○○○###....##....#
#○°###....####..##
##.# #.....######
### #....##≈≈#
##...##≈≈≈
#...##≈≈###
#..#.≈≈##.##
##.#.≈##...##


There were no monsters in sight!

Vanquished Creatures
  Harold (D:8)
  Erica (D:8)
  An orc knight (Bailey)
  An ice statue (IceCv)
  An elephant (D:8)
  A cane toad (Lair:2)
  7 polar bears (IceCv)
  2 wraiths (Ossuary)
  A wyvern (D:8)
  A basilisk (D:8)
  4 yaks (IceCv)
  A water moccasin (D:6)
  An orc warrior (D:6)
  Duvessa (D:5)
  An eye of draining (D:8)
  3 ice beasts
  A black bear (D:8)
  A phantom (D:7)
  A centaur (D:5)
  4 wolves (IceCv)
  9 bullfrogs
  A gnoll sergeant (D:7)
  A wyvern skeleton (D:8)
  5 scorpions
  Dowan (D:5)
  10 killer bees (D:8)
  4 wights (Ossuary)
  2 bullfrog zombies
  A crimson imp (D:8)
  2 centaur zombies
  3 hounds
  A jelly (D:5)
  Crazy Yiuf (D:7)
  2 orc priests
  An orc wizard (D:3)
  2 bullfrog skeletons
  Ijyb (D:5)
  An iguana (D:5)
  9 worker ants
  2 hound zombies
  A hound skeleton (D:6)
  5 adders
  18 gnolls
  4 white imps
  An ooze (D:1)
  An adder zombie (Ossuary)
  2 adder skeletons
  5 worms
  A dart slug (D:1)
  4 leopard geckos
  9 orcs
  12 bats
  3 giant cockroaches
  8 goblins
  23 hobgoblins
  13 jackals
  4 quokkas
  2 ball pythons
  2 ball python skeletons (Ossuary)
  3 frilled lizards
  A hobgoblin zombie (Ossuary)
  A jackal skeleton (D:7)
  11 kobolds
  2 kobold zombies (Ossuary)
  A leopard gecko skeleton (D:5)
  An orc skeleton (Ossuary)
  A quokka skeleton (D:8)
  9 rats
242 creatures vanquished.

Vanquished Creatures (others)
  A worker ant (D:7)
  A leopard gecko (D:7)
  A quokka zombie (D:7)
  A plant (D:8)
4 creatures vanquished.

Grand Total: 246 creatures vanquished

Notes
Turn   | Place    | Note
-------+----------+-------------------------------------------
     0 | D:1      | rocky1 the Gnoll Brigand began the quest for the Orb.
     0 | D:1      | Reached XP level 1. HP: 20/20 MP: 1/1
    75 | D:1      | Reached XP level 2. HP: 26/26 MP: 2/2
   291 | D:1      | Reached XP level 3. HP: 27/31 MP: 3/3
   736 | D:2      | Reached skill level 1 in Invocations
   854 | D:2      | Reached skill level 1 in Long Blades
   854 | D:2      | Reached skill level 1 in Axes
   854 | D:2      | Reached skill level 1 in Maces & Flails
   854 | D:2      | Reached skill level 1 in Polearms
   854 | D:2      | Reached skill level 1 in Staves
   854 | D:2      | Reached skill level 1 in Slings
   854 | D:2      | Reached skill level 1 in Bows
   854 | D:2      | Reached skill level 1 in Crossbows
   854 | D:2      | Reached skill level 1 in Armour
   854 | D:2      | Reached skill level 1 in Shields
   854 | D:2      | Reached skill level 1 in Unarmed Combat
   854 | D:2      | Reached skill level 1 in Spellcasting
   854 | D:2      | Reached skill level 1 in Evocations
   895 | D:2      | Reached XP level 4. HP: 38/38 MP: 5/5
  1241 | D:2      | Found a stormy altar of Qazlal.
  1435 | D:3      | Reached skill level 1 in Conjurations
  1435 | D:3      | Reached skill level 1 in Hexes
  1435 | D:3      | Reached skill level 1 in Summonings
  1435 | D:3      | Reached skill level 1 in Necromancy
  1435 | D:3      | Reached skill level 1 in Translocations
  1435 | D:3      | Reached skill level 1 in Transmutations
  1435 | D:3      | Reached skill level 1 in Fire Magic
  1435 | D:3      | Reached skill level 1 in Ice Magic
  1435 | D:3      | Reached skill level 1 in Air Magic
  1435 | D:3      | Reached skill level 1 in Earth Magic
  1435 | D:3      | Reached skill level 1 in Poison Magic
  1449 | D:3      | Reached XP level 5. HP: 27/43 MP: 5/7
  1854 | D:3      | Found a glowing golden altar of the Shining One.
  2583 | D:4      | Found the +7 captain's cutlass {speed, disarm}
  2591 | D:4      | Reached skill level 8 in Stealth
  2591 | D:4      | Reached XP level 6. HP: 50/50 MP: 8/8
  2640 | D:4      | Found a staircase to the Ecumenical Temple.
  2649 | Temple   | Entered the Ecumenical Temple
  2767 | Temple   | Became a worshipper of Warmaster Okawaru
  3208 | D:5      | Entered Level 5 of the Dungeon
  3223 | D:5      | Found a sacrificial altar of Ru.
  3387 | D:5      | Noticed Ijyb
  3397 | D:5      | Killed Ijyb
  3398 | D:5      | Reached skill level 5 in Fighting
  3398 | D:5      | Reached skill level 5 in Short Blades
  3398 | D:5      | Reached skill level 5 in Throwing
  3515 | D:5      | Noticed Duvessa
  3515 | D:5      | Noticed Dowan
  3525 | D:5      | Killed Dowan
  3532 | D:5      | Killed Duvessa
  3533 | D:5      | Reached XP level 7. HP: 33/56 MP: 10/10
  4383 | D:5      | Reached * piety under Okawaru
  4511 | D:6      | Reached XP level 8. HP: 56/63 MP: 12/12
  4756 | D:6      | Reached ** piety under Okawaru
  5083 | D:6      | Reached XP level 9. HP: 69/69 MP: 14/14
  5288 | D:7      | Found a sand-covered staircase.
  5292 | Ossuary  | Entered an ossuary
  5480 | Ossuary  | Reached skill level 5 in Dodging
  5493 | Ossuary  | Reached *** piety under Okawaru
  5494 | Ossuary  | Reached skill level 9 in Stealth
  5616 | D:7      | Found a flagged portal.
  5628 | Bailey   | Entered a bailey
  5993 | Bailey   | Noticed an orc knight
  6004 | Bailey   | Killed an orc knight
  6004 | Bailey   | Received a gift from Okawaru
  6005 | Bailey   | Reached skill level 5 in Invocations
  6418 | D:7      | Reached skill level 5 in Conjurations
  6418 | D:7      | Reached skill level 5 in Hexes
  6418 | D:7      | Reached skill level 5 in Summonings
  6418 | D:7      | Reached skill level 5 in Necromancy
  6418 | D:7      | Reached skill level 5 in Translocations
  6418 | D:7      | Reached skill level 5 in Transmutations
  6418 | D:7      | Reached skill level 5 in Fire Magic
  6418 | D:7      | Reached skill level 5 in Ice Magic
  6418 | D:7      | Reached skill level 5 in Air Magic
  6418 | D:7      | Reached skill level 5 in Earth Magic
  6418 | D:7      | Reached skill level 5 in Poison Magic
  6418 | D:7      | Reached XP level 10. HP: 80/80 MP: 16/19
  6537 | D:7      | Found a shimmering altar of Xom.
  6649 | D:7      | Found Dishriosi's Armour Boutique.
  6935 | D:7      | Found a runed translucent door.
  6936 | D:7      | Noticed Crazy Yiuf
  6943 | D:7      | Killed Crazy Yiuf
  7401 | D:8      | Reached XP level 11. HP: 66/85 MP: 20/20
  7643 | D:8      | Reached skill level 10 in Stealth
  7830 | D:8      | Noticed Harold
  7841 | D:8      | Killed Harold
  7880 | D:8      | Learned a level 2 spell: Blink
  7890 | D:8      | Found a staircase to the Lair.
  7916 | D:8      | Reached **** piety under Okawaru
  8283 | D:8      | Noticed Erica
  8296 | D:8      | Killed Erica
  8649 | D:8      | Found a glowing golden altar of the Shining One.
  8951 | Lair:1   | Entered Level 1 of the Lair of Beasts
  8980 | Lair:1   | You fall into a shaft and drop 1 floor!
  9043 | Lair:1   | Noticed a five-headed hydra
  9068 | Lair:1   | Found a frozen archway.
  9078 | IceCv    | Entered an ice cave
  9379 | IceCv    | Reached ***** piety under Okawaru
  9692 | IceCv    | HP: 4/87 [something (13)]
  9694 | IceCv    | Engulfed by a cloud of freezing vapour

Illustrated notes

Levels and vault maps discovered:
D:1:      tarquinn_simple_flora_water_b, layout_basic
D:2:      layout_loops_ring, nicolae_qazlal_eye_of_the_storm, serial_glass,
          glass_columns_a, glass_columns_a, due_unseen_surprise, feat_on_display
D:3:      layout_basic, tso_altar
D:4:      layout_basic, minmay_temple_entry_gardened_gates
D:5:      layout_loops_cross, basic_altar, hex_tiny, kennysheep_diamond,
          uniq_ijyb, uniq_duvessa
D:6:      layout_loops_ring, fountainhead
D:7:      layout_rooms, serial_shops, kennysheep_mini, enter_bailey_5,
          enter_ossuary_5, xom_confusion_cloud, uniq_crazy_yiuf_cottage
D:8:      layout_cave_pools, david_lair_generic, basic_altar,
          minmay_fire_ice_demons, uniq_erica, uniq_harold
Temple:   kilobyte_greek_temple
Lair:1:   layout_regular_city, portal_ice_cave_entry_pillars_1,
          infiniplex_staircase_pool, lemuel_fruit_fields, uniq_fannar
Lair:2:   layout_small_grid, chequers_serial_rivers_room_a, lemuel_fruit_fields,
          lemuel_fruit_fields, grunt_megastairs_2, uniq_sonja
IceCv:    ice_cave_small_giant

Skill      XL: |  1  2  3  4  5  6  7  8  9 10 11 |
---------------+----------------------------------+-----
Invocations    | 1 2 3 4 6 7 |  7.6
Long Blades    | 1 2 3 6 7 |  7.0
Axes           | 1 2 3 6 7 |  7.0
Maces & Flails | 1 2 3 6 7 |  7.0
Polearms       | 1 2 3 6 7 |  7.0
Staves         | 1 2 3 6 7 |  7.0
Slings         | 1 2 3 6 7 |  7.0
Bows           | 1 2 3 6 7 |  7.0
Crossbows      | 1 2 3 6 7 |  7.0
Armour         | 1 2 3 6 7 |  7.0
Shields        | 1 2 3 6 7 |  7.0
Unarmed Combat | 1 2 3 6 7 |  7.0
Spellcasting   | 1 2 3 6 7 |  7.0
Evocations     | 1 2 3 6 7 |  7.0
Conjurations   | 1 2 3 5 |  5.8
Hexes          | 1 2 3 5 |  5.8
Summonings     | 1 2 3 5 |  5.8
Necromancy     | 1 2 3 5 |  5.8
Translocations | 1 2 3 5 |  5.8
Transmutations | 1 2 3 5 |  5.8
Fire Magic     | 1 2 3 5 |  5.8
Ice Magic      | 1 2 3 5 |  5.8
Air Magic      | 1 2 3 5 |  5.8
Earth Magic    | 1 2 3 5 |  5.8
Poison Magic   | 1 2 3 5 |  5.8
Dodging        | 3 4 6 7 |  7.5
Stealth        | 8 9 10 | 10.4
Fighting       | 5 6 7 8 |  8.4
Short Blades   | 5 6 7 8 |  8.4
Throwing       | 5 6 7 8 |  8.4

Action                   |  1- 3 |  4- 6 |  7- 9 | 10-12 || total
-------------------------+-------+-------+-------+-------++-------
Melee: Dagger            |    99 |    82 |       |       ||   181
       Bite              |     5 |    10 |    19 |    45 ||    79
       Cutlass           |       |    19 |   177 |   263 ||   459
       Punch             |       |       |     4 |     2 ||     6
Throw: Dart              |     8 |    47 |       |       ||    55
Invok: Heroism           |       |       |     2 |     1 ||     3
  Use: Potion            |       |     3 |     4 |     7 ||    14
       Scroll            |       |     6 |    11 |     3 ||    20
 Stab: Sleeping          |    13 |    13 |    26 |     7 ||    59
       Invisible         |       |     3 |       |     8 ||    11
       Distracted        |       |       |     1 |       ||     1
Armor: Robe              |     7 |       |       |       ||     7
       Leather armour    |    11 |    18 |    32 |    40 ||   101
Dodge: Dodged            |    55 |    48 |   133 |   175 ||   411
Block: Kite shield       |       |       |       |   140 ||   140
